 Dungeon Crawl Stone Soup version 0.25-a0-100-g33052ceff8 (webtiles) character file.

Game seed: 9879748848797947181, levelgen mode: deterministic

1258 Roikka the Scholar of Death (level 8, -1/61 HPs)
             Began as a Mummy Necromancer on Nov 15, 2019.
             Was a Follower of Kikubaaqudgha.
             Slain by a wyvern zombie (13 damage)
             ... on level 6 of the Dungeon.
             The game lasted 00:27:25 (6280 turns).

Roikka the Scholar of Death (Mummy Necromancer)     Turns: 6280, Time: 00:27:26

Health: -1/61      AC:  6    Str: 14    XL:     8   Next: 27%
Magic:  10/26      EV: 12    Int: 17    God:    Kikubaaqudgha [*.....]
Gold:   418        SH:  0    Dex: 12    Spells: 9/20 levels left

rFire    x . .     SeeInvis .   l - +3 falchion (drain)
rCold    + . .     Gourm    .   (no shield)
rNeg     + + +     Faith    .   a - +0 robe
rPois    ∞         Spirit   .   q - +1 helmet
rElec    .         Reflect  .   (no cloak)
rCorr    .         Harm     .   (no gloves)
MR       +....                  k - +1 pair of boots
Stlth    ++........             (no amulet)
HPRegen  0.20/turn              f - ring of magical power
MPRegen  0.20/turn              b - +3 ring of strength

@: studying Unarmed Combat
A: no food or potions, fire vulnerability, cold resistance 1, negative energy
resistance 3, torment resistance, unbreathing
a: Receive Corpses, Renounce Religion


You were on level 6 of the Dungeon.
You worshipped Kikubaaqudgha.
Kikubaaqudgha was aware of your devotion.
You were not hungry.

You visited 2 branches of the dungeon, and saw 7 of its levels.

You collected 418 gold pieces.

Inventory:

Hand Weapons
 g - a +0 dagger
 i - a +3 antimagic hand axe
 l - a +3 falchion of draining (weapon)
 o - a +0 rapier
Missiles
 j - a throwing net (quivered)
Armour
 a - a +0 robe (worn)
 k - a +1 pair of boots (worn)
 q - a +1 helmet (worn)
Magical Staves
 e - an uncursed staff of summoning {unknown}
Jewellery
 b - a +3 ring of strength (right hand)
 f - a ring of magical power (left hand)
Wands
 m - a wand of flame (11)
Scrolls
 c - 4 scrolls of identify
 h - 4 scrolls of teleportation
 n - a scroll of magic mapping
 r - a scroll of enchant armour
Books
 p - a manual of Unarmed Combat


   Skills:
 + Level 4.6 Fighting
 - Level 1.5 Dodging
 - Level 1.5 Stealth
 + Level 6.5 Spellcasting
 * Level 8.3 Necromancy


You had 9 spell levels left.
You knew the following spells:

 Your Spells              Type           Power        Failure   Level  Hunger
a - Pain                  Necr           ####         1%          1    N/A
b - Animate Skeleton      Necr           N/A          1%          1    N/A
c - Vampiric Draining     Necr           ####......   1%          3    N/A
d - Animate Dead          Necr           N/A          4%          4    N/A
e - Corpse Rot            Necr           N/A          1%          2    N/A

Your spell library contained the following spells:

 Spells                   Type           Power        Failure   Level  Hunger
 Ignite Poison            Fire/Tmut/Pois #.......     36%         3    N/A
 Fireball                 Conj/Fire      #.........   98%         5    N/A
 Bolt of Fire             Conj/Fire      #.........   100%        6    N/A
 Poison Arrow             Conj/Pois      #.........   100%        6    N/A
 Ring of Flames           Chrm/Fire      #.........   100%        7    N/A
 Chain Lightning          Conj/Air       #.........   100%        8    N/A
 Ignition                 Fire           #.........   100%        8    N/A
 Lehudib's Crystal Spear  Conj/Erth      #.........   100%        8    N/A
 Fire Storm               Conj/Fire      #.........   100%        9    N/A
 Glaciate                 Conj/Ice       #.........   100%        9    N/A
 Regeneration             Chrm/Necr      Unusable     N/A         3    N/A

Dungeon Overview and Level Annotations

Branches:
Dungeon (6/15)             Temple (1/1) D:4

Altars:
Elyvilon
Gozag
Hepliaklqana
Kikubaaqudgha
Makhleb
Nemelex Xobeh
Trog
Vehumet
Xom
Yredelemnul

Annotations:
D:4 2 runed translucent doors


Innate Abilities, Weirdness & Mutations

You do not eat or drink.
Your flesh is vulnerable to fire.
You are immune to poison.
Your flesh is cold resistant. (rC+)
You are immune to negative energy. (rN+++)
You are immune to unholy pain and torment.
You can survive without breathing.


Message History

You hit the wyvern zombie.
The wyvern zombie is heavily damaged.
The wyvern zombie bites you. The wyvern zombie bites you!
* * * LOW HITPOINT WARNING * * *
You can't drink.
You slash the wyvern zombie!
The wyvern zombie is severely damaged.
The wyvern zombie barely misses you.
You riposte.
You barely miss the wyvern zombie.
The wyvern zombie is severely damaged.
You hit the wyvern zombie.
The wyvern zombie is severely damaged.
The wyvern zombie barely misses you. The wyvern zombie closely misses you.
You riposte.
You hit the wyvern zombie.
The wyvern zombie is severely damaged.
You completely miss the wyvern zombie.
The wyvern zombie is severely damaged.
The wyvern zombie bites you!
You die...
Kikubaaqudgha rasps: "You have failed me!
Welcome... oblivion!"

.####### #.#
.......> #.#
.######. #.# .#
#.# .#
#######.# .#
#.......# .#
#.......# .#
#.......# .#
####+ #######@#
....?.#######Z#
......'.....gg#
......#)....###
..... #.....#
.... #.....#
... #.....# ..
#.....# #
#.....#


You could see 2 gnolls and a wyvern zombie.

Vanquished Creatures
  An ice beast (D:5)
  A black bear (D:6)
  3 ogres (D:4)
  A crocodile (D:5)
  2 scorpions
  A jelly (D:6)
  A bullfrog skeleton (D:4)
  6 worker ants
  An orc wizard (D:5)
  9 gnolls
  4 adders
  2 shadow imps
  An ooze (D:1)
  An adder zombie (D:4)
  A worm (D:5)
  3 dart slugs
  2 leopard geckos
  17 orcs
  4 ball pythons
  2 bats
  3 giant cockroaches
  2 gnoll zombies (D:3)
  8 goblins
  7 hobgoblins
  16 jackals
  8 kobolds
  A quokka (D:4)
  3 frilled lizards
  A jackal skeleton (D:5)
  A leopard gecko skeleton (D:4)
113 creatures vanquished.

Vanquished Creatures (collateral kills)
  An ogre (D:4)
  2 crimson imps (D:5)
  A hound (D:5)
  2 bullfrog skeletons (D:5)
  A worker ant (D:4)
  An adder (D:4)
  An adder zombie (D:4)
  An adder skeleton (D:4)
  3 orcs (D:4)
  A ball python (D:4)
  A goblin (D:3)
  A hobgoblin (D:3)
  A jackal (D:6)
  A kobold (D:1)
  2 rats (D:1)
20 creatures vanquished.

Grand Total: 133 creatures vanquished

Notes
Turn   | Place    | Note
-------+----------+-------------------------------------------
     0 | D:1      | Roikka the Mummy Necromancer began the quest for the Orb.
     0 | D:1      | Reached XP level 1. HP: 13/13 MP: 4/4
   117 | D:1      | Learned a level 1 spell: Animate Skeleton
   244 | D:1      | Reached XP level 2. HP: 16/20 MP: 0/6
   388 | D:1      | Reached skill level 1 in Fighting
   724 | D:1      | Reached XP level 3. HP: 19/26 MP: 4/7
   770 | D:1      | Learned a level 3 spell: Vampiric Draining
  1123 | D:2      | Found an opulent altar of Gozag.
  1376 | D:2      | Found a shimmering altar of Xom.
  2090 | D:3      | Reached XP level 4. HP: 32/32 MP: 0/9
  2194 | D:3      | Learned a level 4 spell: Animate Dead
  2283 | D:3      | Reached skill level 5 in Necromancy
  2501 | D:3      | Found a basalt altar of Yredelemnul.
  3472 | D:4      | Reached XP level 5. HP: 18/38 MP: 11/11
  3666 | D:4      | Noticed an ogre
  3674 | D:4      | Killed an ogre
  3674 | D:4      | Reached skill level 6 in Necromancy
  3774 | D:4      | Noticed an ogre
  3787 | D:4      | Killed an ogre
  3787 | D:4      | Reached XP level 6. HP: 33/46 MP: 12/12
  4046 | D:4      | Found a staircase to the Ecumenical Temple.
  4061 | Temple   | Entered the Ecumenical Temple
  4069 | Temple   | Became a worshipper of Kikubaaqudgha
  4093 | D:4      | Found a large runed translucent door.
  4093 | D:4      | Found a large runed translucent door.
  4096 | D:4      | Found a large runed translucent door.
  4096 | D:4      | Found a large runed translucent door.
  4179 | D:4      | Reached skill level 5 in Spellcasting
  4179 | D:4      | Reached XP level 7. HP: 48/52 MP: 8/14
  4513 | D:4      | Found a bloodstained altar of Trog.
  4513 | D:4      | Found a burning altar of Makhleb.
  4608 | D:4      | Found a radiant altar of Vehumet.
  4812 | D:4      | Found a sparkling altar of Nemelex Xobeh.
  4960 | D:5      | Entered Level 5 of the Dungeon
  4983 | D:5      | Reached skill level 7 in Necromancy
  5090 | D:5      | Reached * piety under Kikubaaqudgha
  5090 | D:5      | Identified Kikubaaqudgha's Collected Works on Darkness
                  | (Kikubaaqudgha gifted it to you on level 5 of the Dungeon)
  5090 | D:5      | Received a gift from Kikubaaqudgha
  5095 | D:5      | Learned a level 2 spell: Corpse Rot
  5497 | D:5      | Found a hazy altar of Hepliaklqana.
  5931 | D:5      | Reached XP level 8. HP: 60/60 MP: 17/17
  6158 | D:6      | Reached skill level 8 in Necromancy
  6280 | D:6      | Slain by a wyvern zombie

Levels and vault maps discovered:
D:1:      lemuel_arrival_broad_hall, layout_basic, chequers_jeans, hex_large
D:2:      layout_basic, xom_teletrap_fun,
          nicolae_gozag_cash_rules_everything_around_me
D:3:      layout_rooms, lemuel_zombie_altar_yredelemnul
D:4:      layout_basic, old_standard_altar, vehumet_altar_wand_db,
          gammafunk_temple_overflow_wave, minmay_temple_entry_statues_fountains,
          minmay_hollow_rounded_squares
D:5:      layout_gridville, old_standard_altar, first_ration, solitary_fountain,
          minivault_27, minmay_manual_mess
D:6:      layout_basic
Temple:   dpeg_chambers_temple

Skill      XL: |  1  2  3  4  5  6  7  8 |
---------------+-------------------------+-----
Spellcasting   | 3 4 5 6 |  6.5
Fighting       | 1 2 3 4 |  4.6
Necromancy     | 5 6 7 8 |  8.3
Dodging        | |  1.5
Stealth        | |  1.5

Action                   |  1- 3 |  4- 6 |  7- 9 || total
-------------------------+-------+-------+-------++-------
Melee: Unarmed           |     5 |       |       ||     5
       Dagger            |     7 |       |       ||     7
       Club              |     4 |       |       ||     4
       Falchion          |       |    35 |     7 ||    42
       Mace              |       |       |    55 ||    55
 Cast: Pain              |    81 |    57 |   103 ||   241
       Animate Skeleton  |    15 |     6 |       ||    21
       Animate Dead      |       |     5 |    16 ||    21
       Vampiric Draining |       |     3 |     2 ||     5
       Corpse Rot        |       |       |     2 ||     2
  Use: Scroll            |     5 |     6 |     4 ||    15
 Stab: Sleeping          |     1 |       |     3 ||     4
       Distracted        |       |     2 |       ||     2
Armor: Robe              |     5 |     3 |    23 ||    31
Dodge: Dodged            |    13 |    31 |    80 ||   124
       Rpst.: Falchion   |       |    10 |     5 ||    15

Table legend:
 A = Non-vault XP
 B = Vault XP
 C = Vault XP percentage of total XP
 D = Non-vault monster count
 E = Vault monster count
 F = Vault count percentage of total count
                 A         B        C        D         E       F
            +---------+---------+-------+---------+---------+-------
      Total |    1355 |     443 |  24.6 |     113 |      20 |  15.0
            +---------+---------+-------+---------+---------+-------
        D:1 |      45 |       0 |   0.0 |      23 |       0 |   0.0
        D:2 |      45 |       0 |   0.0 |      17 |       0 |   0.0
        D:3 |      60 |       4 |   6.2 |      21 |       2 |   8.7
        D:4 |     529 |     185 |  25.9 |      18 |      14 |  43.8
        D:5 |     310 |     254 |  45.0 |      16 |       4 |  20.0
        D:6 |     366 |       0 |   0.0 |      18 |       0 |   0.0
            +---------+---------+-------+---------+---------+-------
